[Event "45th FIDE Olympiad 2024"]
[Site "Budapest"]
[Date "2024.09.11"]
[Round "1.26"]
[White "Ahn, Hongjin"]
[Black "Tari, Aryan"]
[Result "1/2-1/2"]
[ECO "B23"]
[WhiteElo "2251"]
[BlackElo "2642"]
[Annotator "TA"]
[PlyCount "165"]
[EventDate "2024.09.05"]
[EventType "team-tourn"]
[EventCountry "HUN"]
[SourceTitle "playchess.com"]
[Source "ChessBase"]
[SourceQuality "1"]
[WhiteTeam "South Korea"]
[BlackTeam "Norway"]
[BlackTeamCountry "NOR"]
[TimeControl "40/5400+30:1800+30"]

1. e4 c5 2. Nc3 Nc6 3. f4 g6 4. Nf3 Bg7 5. a4 e6 6. e5 d6 7. Bb5 Nge7 8. Ne4 dxe5 9. fxe5 O-O 10. Nf6+ Kh8 {[%emt 0:08:18][%cal Oc6e5] [#]} 11. d4 Nd5 (11... a6 12. Bxc6) 12. Bxc6 (12. dxc5 Nxe5 13. Ne4 Nxf3+ 14. Qxf3 f5 $17) 12... bxc6 13. Ne4 {[%emt 0:01:28] A dynamic duo of knights.} cxd4 14. Qxd4 c5 15. Qxc5 Ba6 16. Nd6 {[%emt 0:01:57] Prevents Rc8} f6 (16... Qd7 $14) 17. c4 $16 Nb6 18. b3 Nd7 19. Qc6 {[%emt 0:09:20] White is much more active.} Nxe5 20. Qxa6 {[%emt 0:04:54] Hoping for 0-0.} f5 21. Rb1 $1 (21. Nxe5 Bxe5 22. Rb1 Bxd6 23. Bb2+ Kg8 $11) 21... Nd3+ 22. Ke2 Nb4 23. Qb5 (23. Ng5 Kg8 24. Qb7 (24. Nxe6 $2 Qd7 $19) 24... Qxd6 $15) 23... Na2 24. Qc6 $1 Nc3+ 25. Kf2 $1 Qxd6 26. Qxd6 Ne4+ 27. Ke2 Nxd6 28. Ba3 Rfd8 29. Ng5 $36 {[%emt 0:01:28][%cal Oa3d6][%mdl 2048] White is on the roll.} Kg8 30. Rhd1 (30. Nxe6 $2 Re8 31. Rhe1 Rxe6+ $19) 30... Nf7 31. Nxf7 $1 (31. Nxe6 $2 Re8 32. h3 Rxe6+ $19) 31... Kxf7 32. Bc5 Ke8 33. Rxd8+ Kxd8 {[%emt 0:00:02][%mdl 4096] Endgame. KRB-KRB} 34. Rd1+ Kc7 35. Bd6+ $1 Kc6 36. b4 a6 37. Rd2 Bh6 38. Rd3 e5 39. Rd5 ({Worse is} 39. Bxe5 Re8 40. Rd6+ Kb7 41. Rd7+ Ka8 $17) 39... e4 (39... Rd8 $16 {was worth a try.} 40. b5+ (40. Bxe5 Rxd5 41. cxd5+ Kxd5 $11) 40... axb5 41. axb5+ Kb7) 40. Bc5 $2 (40. Be5 $1 $18 {is the precise move to win. Rd6+ is the strong threat.} Rc8 41. Rd6+ Kb7 42. Rd7+ Kc6 43. Rxh7) 40... Bf4 {[%emt 0:02:21] Prevents Rd6+.} ({Black should try} 40... Bf8) 41. g3 Bc7 (41... Bg5 $16 42. Re5 Rd8) 42. b5+ $18 axb5 43. axb5+ Kb7 44. Rd7 $1 Kc8 45. Rxh7 Ra2+ 46. Ke3 {[%emt 0:00:00] Threatens to win with b6.} Rb2 (46... Bd8 $16) 47. Kd4 Rd2+ 48. Kc3 $1 Ba5+ 49. Kb3 Bd8 50. Ba7 (50. Rh8 $18 {has better winning chances.} Kd7 51. Rh7+ Kc8 52. Kb4 Rb2+ 53. Kc3 Bf6+ 54. Bd4 Bxd4+ 55. Kxd4) 50... e3 $16 51. b6 $1 ({Don't play} 51. Bxe3 $6 Rd3+ 52. Kb4 Rxe3 $11) 51... Rd7 52. Rxd7 Kxd7 {[%emt 0:00:00] KB-KB} 53. Kc2 {[%emt 0:00:00] aiming for b7.} Kc6 54. Kd3 (54. b7 {simplifies} Kxb7 55. Bxe3 Be7 56. Kd2) 54... Bg5 {[%emt 0:00:00] [#]} 55. b7 $1 Kxb7 56. Bxe3 Bf6 57. h3 Kc6 58. g4 fxg4 59. hxg4 {[%emt 0:00:02] Ke4 would now be deadly.} Be7 60. Ke4 {[%emt 0:00:16] Black must now prevent Ke5.} Bd6 {[%emt 0:00:15] [#]} 61. c5 $1 Bc7 62. Bd4 Bg3 63. Be5 $1 Be1 64. Bd6 Bc3 {[%emt 0:00:18] [#]} 65. Kf4 (65. Be7 $1 $16) 65... Bf6 $11 66. Ke4 ({White has to play} 66. g5 $1 $11 Bd8 67. Ke4) 66... Bc3 $1 $16 {[%emt 0:00:22] [#]} 67. Be7 $1 {[%emt 0:00:33] Repels Bf6} Kd7 68. Bf8 {[%emt 0:00:23] Strongly threatening Kd5.} Kc6 69. Kf4 (69. Bd6 $16) 69... Bf6 $11 {[%emt 0:00:11] The position is equal.} 70. Bd6 Kd5 71. Bf8 Bd8 72. Bd6 Bf6 73. Bf8 Bd8 74. Kf3 Bg5 75. Ke2 Bf4 76. Kd3 Be5 77. Be7 Bc7 78. Kc3 Ba5+ 79. Kb3 {[%emt 0:00:08] And now Ka4 would win.} Be1 80. Bd6 Bd2 81. Ka4 Kc6 82. Kb3 Kd5 83. Ka4 {[%emt 0:00:08] Blacks defense is rewarded with a draw.   Weighted Error Value: White=0.10 (very precise) /Black=0.14 (very precise) .  Loses game:     	---       	Black=1      Missed win:     	White=1     	---        Mistake:       	White=4     	Black=5      Inaccurate:     	White=2     	Black=1      OK:         	White=27    	Black=38     Best:        	White=8     	Black=15     Strong:       	White=10    	Black=1      Brilliant:      	White=1     	---} 1/2-1/2

[Event "45th FIDE Olympiad 2024"]
[Site "Budapest"]
[Date "2024.09.11"]
[Round "1.27"]
[White "Amar, Elham"]
[Black "Yun, Hungi"]
[Result "1-0"]
[ECO "B90"]
[WhiteElo "2539"]
[BlackElo "2124"]
[Annotator "TA"]
[PlyCount "43"]
[EventDate "2024.09.05"]
[EventType "team-tourn"]
[EventCountry "HUN"]
[SourceTitle "playchess.com"]
[Source "ChessBase"]
[SourceQuality "1"]
[WhiteTeam "Norway"]
[BlackTeam "South Korea"]
[WhiteTeamCountry "NOR"]
[TimeControl "40/5400+30:1800+30"]

1. e4 c5 2. Nf3 d6 3. d4 cxd4 4. Nxd4 Nf6 5. Nc3 a6 6. f3 e6 7. a3 b5 8. g4 Bb7 9. g5 {[%emt 0:11:01] White has an edge.} Nfd7 10. Be3 Nc6 ({Black should play} 10... Nb6 $11) 11. h4 {[%emt 0:09:24] White is more active.} (11. Nxc6 $14 {might be stronger.} Bxc6 12. h4) 11... Rc8 12. Nxc6 Rxc6 13. Qd2 Ne5 14. Be2 Qc7 15. Bd4 Be7 16. O-O-O (16. f4 $5) 16... O-O 17. h5 Ba8 {[%emt 0:03:11] [#]} 18. g6 $1 {[%emt 0:11:32] h6 would now be deadly.} h6 19. f4 Nc4 {[%emt 0:00:28] [#]} 20. Qd3 fxg6 (20... Qb7 $16) 21. Bg4 (21. hxg6 $6 Rxf4 22. Rh5 (22. Qh3 Qc8 $15) 22... Ne5 $16) 21... Qd7 (21... Rxf4 $2 {perishes.} 22. Bxe6+ Kh8 23. Nd5 $18 (23. hxg6 Bg5 $18)) (21... d5 $16 22. exd5 Qxf4+ 23. Kb1 Qxg4 24. dxc6 Bxc6) 22. Qh3 {[%emt 0:00:57] Weighted Error Value: White=0.14 (very precise) /Black=0.44.  Loses game:     	---       	Black=1      Mistake:       	White=1     	Black=2      Inaccurate:     	White=1     	Black=2      OK:         	White=7     	Black=4      Best:        	---       	Black=2} (22. hxg6 Rxf4 23. Qh3 Rxg4 24. Qxg4 Rc8 $18) 1-0

[Event "45th FIDE Olympiad 2024"]
[Site "Budapest"]
[Date "2024.09.11"]
[Round "1.27"]
[White "Thomas, Larry"]
[Black "Orozbaev, Eldiyar"]
[Result "0-1"]
[ECO "D35"]
[WhiteElo "1686"]
[BlackElo "2376"]
[Annotator "ChessBase"]
[PlyCount "72"]
[EventDate "2024.09.05"]
[EventType "team-tourn"]
[EventCountry "HUN"]
[SourceTitle "playchess.com"]
[Source "ChessBase"]
[SourceQuality "1"]
[WhiteTeam "Dominica"]
[BlackTeam "Kyrgyzstan"]
[WhiteTeamCountry "DMA"]
[BlackTeamCountry "KGZ"]
[TimeControl "40/5400+30:1800+30"]

1. c4 e6 2. Nf3 d5 3. cxd5 exd5 4. d4 c6 5. Nc3 Bd6 6. g3 Nf6 7. Bg2 O-O 8. O-O Re8 9. Bg5 Nbd7 10. Re1 h6 11. Bc1 b5 12. a3 a5 13. Qc2 Bb7 14. Nd2 Qb6 15. e3 c5 16. dxc5 Nxc5 17. Nf3 Rac8 18. Qd1 Nce4 19. Nxe4 dxe4 20. Nd4 Be5 21. Bf1 Red8 22. Qb3 Rd5 23. Nf5 Qc5 24. Be2 a4 25. Qb4 Qxb4 26. axb4 Kf8 27. Rd1 a3 28. Nd4 Bxd4 29. exd4 Rc2 30. Kf1 axb2 31. Bxb2 Rxb2 32. Ra7 Rd7 33. Bxb5 e3 34. Rda1 Ng4 35. Bxd7 Nxh2+ 36. Kg1 exf2+ 0-1

[Event "45th FIDE Olympiad 2024"]
[Site "Budapest"]
[Date "2024.09.11"]
[Round "1.28"]
[White "Sezdbekov, Ruslan"]
[Black "Francis, Nigel"]
[Result "1-0"]
[ECO "B30"]
[WhiteElo "2251"]
[BlackElo "1775"]
[Annotator "NA"]
[PlyCount "51"]
[EventDate "2024.09.05"]
[EventType "team-tourn"]
[EventCountry "HUN"]
[SourceTitle "playchess.com"]
[Source "ChessBase"]
[SourceQuality "1"]
[WhiteTeam "Kyrgyzstan"]
[BlackTeam "Dominica"]
[WhiteTeamCountry "KGZ"]
[BlackTeamCountry "DMA"]
[TimeControl "40/5400+30:1800+30"]

1. e4 c5 2. Nf3 Nc6 3. Bb5 Nf6 4. e5 Nd5 5. O-O Qc7 6. Re1 a6 7. Bc4 Nb6 8. Bf1 d5 9. exd6 Qxd6 10. Nc3 Bg4 11. h3 Bh5 12. d3 O-O-O 13. Ne4 Qd5 14. g4 Bg6 15. c4 Qd7 16. Nxc5 Qd6 17. Be3 Qc7 18. Qb3 Nd7 19. Nxd7 Rxd7 20. d4 h5 21. d5 Ne5 22. Nxe5 Qxe5 23. f4 Qd6 24. c5 Qxd5 25. c6 Rd6 26. Qxb7+ 1-0

[Event "45th FIDE Olympiad 2024"]
[Site "Budapest"]
[Date "2024.09.11"]
[Round "1.28"]
[White "Huh, Isaak"]
[Black "Urkedal, Frode Olav Olsen"]
[Result "0-1"]
[ECO "C77"]
[WhiteElo "2114"]
[BlackElo "2546"]
[Annotator "TA"]
[PlyCount "92"]
[EventDate "2024.09.05"]
[EventType "team-tourn"]
[EventCountry "HUN"]
[SourceTitle "playchess.com"]
[Source "ChessBase"]
[SourceQuality "1"]
[WhiteTeam "South Korea"]
[BlackTeam "Norway"]
[BlackTeamCountry "NOR"]
[TimeControl "40/5400+30:1800+30"]

1. e4 e5 2. Nf3 Nc6 3. Bb5 a6 4. Ba4 Nf6 5. d3 b5 6. Bb3 Bc5 7. c3 d6 8. Bg5 Bb6 9. Nbd2 h6 10. Be3 {[%emt 0:12:05] White has an edge.} Bxe3 11. fxe3 Na5 12. Bc2 c5 13. d4 Nc6 14. d5 Ne7 15. c4 Ng6 16. a4 bxc4 17. a5 Bd7 18. Nxc4 Bb5 19. Nfd2 O-O {[%emt 0:06:49][%cal Of6e4] Threatens to win with ...Nxe4!} 20. O-O Rb8 21. Bd3 Ne8 22. Qe2 Ne7 23. b3 Nc7 24. Nb6 Nc8 25. Nxc8 Qxc8 26. Nc4 Bxc4 27. Bxc4 Rb4 28. Rf3 Qg4 29. Qd3 Nb5 30. Raf1 f6 31. Rg3 Qh5 32. Rh3 Qf7 33. Qe2 Rb8 34. Qg4 Kf8 35. Rh5 Na3 36. Bxa6 (36. Be2 $1 $11 {remains equal.} c4 37. Qh4) 36... Rxb3 (36... Nc2 $1 $17 37. Rh3 Rxb3) 37. Bc8 $2 (37. Rxf6 $1 $11 {and White has nothing to worry.} gxf6 (37... Qxf6 $2 38. Rf5 $18) 38. Rxh6 Rb1+ (38... Rxe3 39. Rh8+ Ke7 40. Rxb8 Re1+ 41. Bf1 Rb1 42. Rh8 Rb7 43. Qc8) 39. Kf2) 37... Rb1 $2 (37... Nc4 $19 {and Black stays clearly on top.} 38. Rh3 Nxe3 39. Rxe3 Rxe3) 38. Be6 (38. Rhf5 $17 {was the only defense.} Nc4 (38... Rxc8 39. Rxb1 Nxb1 40. Rxf6 $11) 39. Qe2 Nxa5 40. Be6) 38... Rxf1+ $19 39. Kxf1 {[%emt 0:00:00] [#]} Nc4 $1 40. Kf2 (40. Bxf7 Nxe3+) 40... Rb2+ 41. Kg1 $2 {[%emt 0:22:03] White is weak on the dark squares} (41. Kg3 Nxe3 42. Bxf7 Nxg4 43. Kxg4 Kxf7 44. Kg3) 41... Nxe3 {[%emt 0:03:27] Black is clearly winning.} 42. Qf3 Rb1+ 43. Kf2 Rf1+ 44. Ke2 Qe8 {[%emt 0:00:01] ( -> ...Qb5+)} ({Don't go for} 44... Rxf3 $2 45. Bxf7 Rf1 46. Be6 $18 (46. Bg6 Rg1 $11)) 45. Qxe3 {[%emt 0:01:34] [#]} Qb5+ $1 46. Qd3 {[%emt 0:00:34] [#]} Re1+ $3 {[%emt 0:00:06][%mdl 512] Weighted Error Value: White=0.44/Black=0.16 (very precise) .  Loses game:     	White=2     	---        Missed win:     	---       	Black=1      Mistake:       	White=3     	Black=1      Inaccurate:     	White=5     	Black=2      OK:         	White=8     	Black=8      Best:        	---       	Black=1      Strong:       	---       	Black=1} 0-1

[Event "45th FIDE Olympiad 2024"]
[Site "Budapest"]
[Date "2024.09.11"]
[Round "1.29"]
[White "Saraci, Nderim"]
[Black "Sihlongonyane, Sikhanyiso"]
[Result "1-0"]
[ECO "D02"]
[WhiteElo "2446"]
[BlackElo "1813"]
[Annotator "TA"]
[PlyCount "65"]
[EventDate "2024.09.05"]
[EventType "team-tourn"]
[EventCountry "HUN"]
[SourceTitle "playchess.com"]
[Source "ChessBase"]
[SourceQuality "1"]
[WhiteTeam "Kosovo"]
[BlackTeam "Eswatini"]
[WhiteTeamCountry "KOS"]
[TimeControl "40/5400+30:1800+30"]

1. d4 Nf6 2. Nf3 d5 3. Bf4 e6 4. e3 Bd6 5. Nbd2 Bxf4 6. exf4 O-O 7. c3 Qd6 8. g3 c5 {The position is equal.} 9. dxc5 Qxc5 10. Bd3 b5 11. a3 Bb7 12. O-O Nc6 13. Nb3 Qb6 14. Qe2 a6 15. Rfe1 Na5 16. Nbd4 Nc4 17. Ne5 Rfe8 18. h4 Rac8 19. f3 {Repels Ne4} Rc7 20. Qf2 Qc5 21. Re2 {White is more active.} g6 ({Black should play} 21... h5 $14) 22. Rae1 Rec8 (22... a5 $16 {was called for.}) 23. g4 $18 {[%cal Oh4h5] Strongly threatening h5!} a5 (23... Nxe5 $16 24. fxe5 Nd7) 24. h5 $1 b4 $2 (24... g5 25. Qg3 (25. fxg5 Ne4 $18) 25... Nxe5 26. fxe5 (26. Rxe5 b4 $18) 26... Nd7 27. Bxb5 Bc6) 25. hxg6 hxg6 (25... Nxe5 $142 26. fxe5 Nd7 27. gxf7+ (27. gxh7+ Kh8 $18) 27... Kxf7 28. cxb4 (28. Bxh7 Ba6 $18) 28... axb4) 26. axb4 axb4 27. Bxc4 dxc4 28. Qh4 {Rh2 would now be deadly.} Nd5 29. Rh2 Kf8 {[#]} 30. Nd7+ $1 Rxd7 {[#]} (30... Ke8 31. Nxc5) 31. Qh8+ $1 Ke7 {[#]} 32. Rxe6+ $3 fxe6 33. Rh7+ {Weighted Error Value: White=0.05 (flawless) /Black=0.68.  Mistake:       	---       	Black=5      Inaccurate:     	---       	Black=2      OK:         	White=9     	Black=3      Strong:       	White=1     	---} 1-0

[Event "45th FIDE Olympiad 2024"]
[Site "Budapest"]
[Date "2024.09.11"]
[Round "1.29"]
[White "Rakotomaharo, Fy Antenaina"]
[Black "Kollars, Dmitrij"]
[Result "1/2-1/2"]
[ECO "C54"]
[WhiteElo "2440"]
[BlackElo "2659"]
[Annotator "TA"]
[PlyCount "157"]
[EventDate "2024.09.05"]
[EventType "team-tourn"]
[EventCountry "HUN"]
[SourceTitle "playchess.com"]
[Source "ChessBase"]
[SourceQuality "1"]
[WhiteTeam "Madagascar"]
[BlackTeam "Germany"]
[WhiteTeamCountry "MAD"]
[BlackTeamCountry "GER"]
[TimeControl "40/5400+30:1800+30"]

1. e4 e5 2. Nf3 Nc6 3. Bc4 Bc5 4. d3 Nf6 5. O-O d6 6. c3 a6 7. a4 O-O 8. h3 Ba7 9. Re1 Be6 10. Nbd2 Nh5 11. d4 exd4 12. Nxd4 Nf4 13. Nxe6 fxe6 14. Nf3 Kh8 15. Be3 Qf6 16. Kh2 Bxe3 17. Rxe3 Rf7 18. Bf1 Raf8 19. b4 g5 20. b5 axb5 21. axb5 Ne5 22. Nxe5 Qxe5 23. Kg1 Ng6 24. Ra2 b6 25. Qd4 Qg7 26. Qxg7+ Kxg7 27. Re1 Ne5 28. f3 h5 29. Ra7 g4 30. fxg4 hxg4 31. hxg4 Nxg4 32. Bc4 Re7 33. Be2 Ne5 34. Rd1 Ref7 35. Bh5 Rd7 36. Rf1 Rxf1+ 37. Kxf1 Kf6 38. Kf2 Rg7 39. Be2 Ng6 40. Ke3 Ke5 41. Bf3 Nf4 42. c4 Ng6 43. Ra8 Kf6 44. Rc8 Ke5 45. Re8 Nh4 46. Rc8 Kf6 47. Kd4 Ng6 (47... Nxg2 48. Bxg2 Rxg2 49. Rxc7 $11) 48. Ke3 Rh7 49. Kd4 Re7 50. Bh5 Ne5 51. Rf8+ Kg5 52. Be2 Rg7 53. Re8 Kf6 54. Bf3 $1 Re7 55. Rf8+ Rf7 56. Rc8 Rh7 57. Be2 Ng6 58. Bf3 Nf4 59. Ke3 Ng6 60. Kd4 Re7 61. Bh5 Nf4 62. Bf3 Rg7 63. Ke3 ({Don't play} 63. Rf8+ Ke7 64. Rh8 (64. Rxf4 $2 {is the wrong capture.} e5+ 65. Kd5 exf4 $19) 64... e5+ (64... Nxg2 65. Bxg2 Rxg2 66. Rh7+ Kd8 67. Rh8+ Kd7 68. Rh7+ Kc8 69. Rh8+ Kb7 70. Kd3 $15) 65. Ke3 Ne6 $15 (65... Nxg2+ 66. Bxg2 Rxg2 67. Rh7+ Kd8 68. Kd3 $15)) 63... Ke5 64. Rf8 Nxg2+ 65. Bxg2 Rxg2 66. Rf7 $1 Rg4 67. Rxc7 Rxe4+ 68. Kf3 d5 (68... Kd4 $5 69. Rc6 $8 d5 70. cxd5 Re3+ (70... Kxd5 71. Rxb6 Kc5 72. Ra6 $11) 71. Kf4 exd5 $11) 69. cxd5 $1 exd5 70. Rc6 Rf4+ 71. Ke3 Rf6 72. Rc8 d4+ 73. Kd3 Rf3+ 74. Kc2 Rf6 75. Kd3 Rf3+ 76. Kc2 Rf2+ 77. Kb3 Rf3+ 78. Kc2 Rf6 79. Kd3 1/2-1/2

[Event "45th FIDE Olympiad 2024"]
[Site "Budapest"]
[Date "2024.09.11"]
[Round "1.30"]
[White "Bluebaum, Matthias"]
[Black "Andrianiaina, Heritiana"]
[Result "1-0"]
[ECO "D46"]
[WhiteElo "2640"]
[BlackElo "2149"]
[Annotator "TA"]
[PlyCount "59"]
[EventDate "2024.09.05"]
[EventType "team-tourn"]
[EventCountry "HUN"]
[SourceTitle "playchess.com"]
[Source "ChessBase"]
[SourceQuality "1"]
[WhiteTeam "Germany"]
[BlackTeam "Madagascar"]
[WhiteTeamCountry "GER"]
[BlackTeamCountry "MAD"]
[TimeControl "40/5400+30:1800+30"]

1. Nf3 d5 2. e3 Nf6 3. c4 e6 4. Nc3 Be7 5. b3 c6 6. Bb2 Nbd7 7. d4 O-O 8. Bd3 b6 9. O-O Bb7 10. Qe2 Rc8 11. Rad1 Qc7 12. Ne5 Nxe5 13. dxe5 Nd7 {[%emt 0:00:10] The position is equal.} (13... Qxe5 $2 14. Nxd5 $18) 14. f4 {[%emt 0:01:49] Black should prevent cxd5.} f5 (14... g6 $11) 15. cxd5 $16 cxd5 16. Nb5 $1 Qb8 17. Nd4 Nc5 {[%emt 0:00:15] [#]} 18. Ba3 {[%emt 0:05:21] White is more active.} ({White should play} 18. g4 $1 ) 18... Rce8 (18... Rf7 $16) 19. Bb5 $18 Nxb3 (19... a5 {might work better.} 20. Bxc5 Bxc5 21. Bxe8 Rxe8) 20. Nxe6 ({Don't play} 20. Nxb3 $6 Bxa3 21. Bxe8 Qxe8 $16) (20. Bxe8 Rxe8 21. axb3 (21. Nxe6 Bxa3 22. Nxg7 Kxg7 $15) 21... Bxa3 $16) 20... Bxa3 21. Nxf8 ({Inferior is} 21. Bxe8 Rxe8 22. Nxg7 Kxg7 $15) 21... Rxf8 22. Qd3 Bc5 23. Qxb3 Kh8 24. Be2 Rd8 (24... a5 $142 25. Kh1 Qe8) 25. Kh1 Qc8 26. Rd2 a5 27. Rfd1 a4 28. Qc3 ({Less strong is} 28. Qxa4 Bxe3 29. Rc2 Bc5 $18) 28... Qe6 29. Bf3 Qe7 (29... Bc6 $142 30. Rd3 Kg8) 30. Bxd5 {[%emt 0:01:59] Weighted Error Value: White=0.13 (very precise) /Black=0.48.  Mistake:       	White=1     	Black=5      OK:         	White=11    	Black=7      Best:        	White=2     	---} 1-0

[Event "45th FIDE Olympiad 2024"]
[Site "Budapest"]
[Date "2024.09.11"]
[Round "1.30"]
[White "Dlamini, Simphiwe"]
[Black "Ondozi, Murtez"]
[Result "0-1"]
[ECO "D02"]
[WhiteElo "1747"]
[BlackElo "2371"]
[Annotator "ChessBase"]
[PlyCount "124"]
[EventDate "2024.09.05"]
[EventType "team-tourn"]
[EventCountry "HUN"]
[SourceTitle "playchess.com"]
[Source "ChessBase"]
[SourceQuality "1"]
[WhiteTeam "Eswatini"]
[BlackTeam "Kosovo"]
[BlackTeamCountry "KOS"]
[TimeControl "40/5400+30:1800+30"]

1. d4 d5 2. Bf4 c6 3. Nf3 Bf5 4. e3 Qb6 5. Qc1 Nf6 6. Nbd2 e6 7. c3 Nh5 8. Bg3 h6 9. Be2 Nxg3 10. hxg3 Nd7 11. Bd1 Rc8 12. Bc2 Bxc2 13. Qxc2 c5 14. Qb3 Qa6 15. a4 cxd4 16. exd4 Rc7 17. Qb5 Qd6 18. Ne5 a6 19. Qe2 Nxe5 20. Qxe5 Qxe5+ 21. dxe5 g6 22. Nf3 Bg7 23. a5 Ke7 24. Rh4 g5 25. Rb4 Rb8 26. Ra3 Kd7 27. Rab3 Kc8 28. Kd2 Bf8 29. Ra4 Rc4 30. Ra1 Bg7 31. Kd3 Re4 32. Rb4 Rxb4 33. cxb4 Kd7 34. g4 Rc8 35. b3 f6 36. exf6 Bxf6 37. Rh1 Bg7 38. Nd4 Rf8 39. f3 Rf4 40. Nc2 Kd6 41. Ke3 Rf8 42. Nd4 Rc8 43. Kd3 Kd7 44. Ne2 e5 45. Rc1 Rxc1 46. Nxc1 Kc6 47. Ne2 Kb5 48. Nc3+ Kxb4 49. Nxd5+ Kxb3 50. Nc7 Kb4 51. Ne6 Bf6 52. Ke4 Kxa5 53. Kf5 Be7 54. Kxe5 Kb4 55. f4 gxf4 56. Nxf4 Bg5 57. Nd3+ Kc4 58. Nf2 a5 59. Ne4 Be7 60. Ke6 Bb4 61. g5 hxg5 62. Nxg5 a4 0-1

[Event "45th FIDE Olympiad 2024"]
[Site "Budapest"]
[Date "2024.09.11"]
[Round "1.31"]
[White "Uruci, Endrit"]
[Black "Mbongeni, Mabuza"]
[Result "1-0"]
[ECO "C50"]
[WhiteElo "2348"]
[BlackElo "1784"]
[Annotator "ChessBase"]
[PlyCount "117"]
[EventDate "2024.09.05"]
[EventType "team-tourn"]
[EventCountry "HUN"]
[SourceTitle "playchess.com"]
[Source "ChessBase"]
[SourceQuality "1"]
[WhiteTeam "Kosovo"]
[BlackTeam "Eswatini"]
[WhiteTeamCountry "KOS"]
[TimeControl "40/5400+30:1800+30"]

1. e4 e5 2. Nf3 Nc6 3. d4 d6 4. Nc3 Be7 5. Be3 Nf6 6. h3 a6 7. Bc4 O-O 8. a4 exd4 9. Nxd4 Nxd4 10. Qxd4 Be6 11. O-O Nd7 12. f4 Bf6 13. Qd3 Re8 14. Bxe6 Rxe6 15. Bd4 Bxd4+ 16. Qxd4 c5 17. Qd3 Nf6 18. Rad1 Qe7 19. Rfe1 Re8 20. f5 Re5 21. Qxd6 Qxd6 22. Rxd6 Rxf5 23. Rb6 Re7 24. Rd1 Rfe5 25. Rd8+ Re8 26. Rxe8+ Rxe8 27. Rxb7 Kf8 28. Rb6 Nxe4 29. Nxe4 Rxe4 30. Rxa6 Rb4 31. Rc6 c4 32. a5 Rxb2 33. Rxc4 Ra2 34. Rc5 Ke7 35. Kh2 Kd6 36. Rh5 h6 37. Rb5 Rxc2 38. Rb7 Ke6 39. Rb6+ Ke7 40. a6 Ra2 41. Kg3 Ra4 42. Kf3 h5 43. Ke3 g5 44. Rh6 f6 45. Rh7+ Ke6 46. a7 h4 47. Kd3 Kf5 48. Rc7 Ra6 49. Kc4 Kf4 50. Kb5 Ra1 51. Rc4+ Kg3 52. Ra4 Rxa4 53. Kxa4 Kxg2 54. a8=Q+ Kxh3 55. Qf3+ Kh2 56. Qxf6 h3 57. Qf2+ Kh1 58. Qg3 h2 59. Qf2 1-0

[Event "45th FIDE Olympiad 2024"]
[Site "Budapest"]
[Date "2024.09.11"]
[Round "1.31"]
[White "Andriamasoandro, Miora"]
[Black "Donchenko, Alexander"]
[Result "0-1"]
[ECO "E04"]
[WhiteElo "2116"]
[BlackElo "2638"]
[Annotator "TA"]
[PlyCount "68"]
[EventDate "2024.09.05"]
[EventType "team-tourn"]
[EventCountry "HUN"]
[SourceTitle "playchess.com"]
[Source "ChessBase"]
[SourceQuality "1"]
[WhiteTeam "Madagascar"]
[BlackTeam "Germany"]
[WhiteTeamCountry "MAD"]
[BlackTeamCountry "GER"]
[TimeControl "40/5400+30:1800+30"]

1. d4 Nf6 2. c4 e6 3. Nf3 d5 4. g3 dxc4 5. Bg2 a6 6. O-O Nc6 7. e3 Bd7 8. Ne5 Nxe5 9. dxe5 Nd5 10. a3 (10. Qe2 $11) 10... b5 11. Nd2 Be7 12. Ne4 Bc6 13. Qg4 O-O 14. Rd1 Qc8 15. Rd4 (15. Bd2 $15) 15... Bb7 $17 16. Qh5 (16. h4 $17) 16... f6 17. exf6 Nxf6 18. Qe5 c5 19. Bh3 $2 {[%emt 0:02:52] [#]} (19. Rd1) 19... Kh8 $19 {[%emt 0:01:06] Black is clearly winning.} ({Less strong is} 19... cxd4 20. Bxe6+ Rf7 21. Bxc8 (21. Ng5 $2 Qc6 $19) 21... Rxc8 22. Nxf6+ Bxf6 23. Qe6 $17) (19... Bd5 $2 20. Rxd5 Kh8 21. Nxf6 (21. Nxc5 Nxd5 22. Nxe6 Nf6 $16) (21. Bxe6 Qe8 $18) 21... Rxf6 22. Rd2 $18) 20. Bxe6 Qc6 21. Rd2 Qxe4 22. Qxe4 Bxe4 23. Rd1 Rad8 24. Re1 Bf3 25. e4 Nxe4 26. Be3 Ng5 27. Bf4 Nxe6 28. Rxe6 Bf6 29. Rb1 a5 {[%emt 0:00:25][%cal Of6b2] ...Bxb2! would now be deadly.} 30. Re3 Rd1+ 31. Rxd1 Bxd1 {[%emt 0:00:03] This pair of bishops is nice.} 32. Bd6 Rc8 33. Re1 Bh5 34. h3 Bxb2 {[%emt 0:00:08] White got outplayed after the opening.   Weighted Error Value: White=0.78/Black=0.20 (precise) .  Mistake:       	White=4     	---        Inaccurate:     	White=1     	---        OK:         	White=2     	Black=6      Best:        	---       	Black=1} 0-1